[Event "*** Titled Tuesday Blitz"]
[Site "Chess.com"]
[Date "2021.02.09"]
[Round "6"]
[White "Problematique_99"]
[Black "Fighterman91"]
[Result "0-1"]
[WhiteElo "2453"]
[BlackElo "2661"]
[TimeControl "180+1"]
[EndTime "11:10:55 PST"]
[Termination "Fighterman91 won by resignation"]

1. e4 c5 2. Nc3 Nc6 3. f4 g6 4. Nf3 Bg7 5. Bb5 Nd4 6. O-O Nxb5 7.
Nxb5 a6 8. Nc3 d6 9. d3 b5 10. Qe1 b4 11. Nd5 e6 12. Ne3 Ne7 13.
a3 Rb8 14. axb4 cxb4 15. Nc4 O-O 16. Be3 Bb7 17. Na5 Ba8 18. c3 d5 19. Ba7 dxe4 20.
dxe4 bxc3 21. bxc3 Rc8 22. c4 Bxa1 23. Qxa1 Bxe4 24.
Ne5 Nf5 25. Ng4 f6 26. Re1 Qe7 27. Bf2 Ba8 28. c5 h5 29. Ne3 Nxe3 30. Bxe3 e5 31. fxe5 Qxe5 32. Bd4 Qd5 33. Qb2 Rxc5 34. Nb3 Rb5 35.
Re3 Rfb8 36. Qc2 Qxg2+ 37. Qxg2 Bxg2 38. Nc5 Rxc5 39. Bxc5 Bd5 40. Rd3 Be4 41. Rd6 Rb5 42. Bd4 Rg5+ 43. Kf2 Rf5+ 44. Ke3 Bd5 45. Bxf6 Kf7 46.
Bd4 Rf3+ 47. Ke2 Be4 48. Rxa6 Rh3 49. Ra7+ Ke6 50. Bg1 g5 51. Ra6+ Kf5 52. Ra5+ Kf4 53.
Ra4 Rb3 54. Bd4 g4 55. Ra5 Bf3+ 56. Kf2 Ke4 57. Ba7 h4 58. Ra4+ Kf5 59. Ra5+ Ke4 60.
Ra4+ Kd3 61. Rd4+ Kc3 62. Rd7 Rb2+ 63. Ke3 Rxh2 64. Bd4+ Kc4 65. Rc7+ Kd5 66. Rc5+ Ke6 67. Re5+ Kf7 68. Rf5+ Kg6 69. Kf4 Rd2 70. Rf6+ Kh5 71. Be5 Ra2 72. Rf7 Ra4+ 73. Kf5 Be4+ 74. Kf6 Bg6 75.
Rg7 Ra6+ 76. Ke7 g3 77. Rg8 Kg4 78. Bd6 Rxd6 79. Kxd6 Kg5 80. Rc8 g2 81. Rc1 h3 82.
Rg1 Kg4 83. Rxg2+ hxg2 84. Ke5 g1=Q 0-1

[Event "*** Titled Tuesday Blitz"]
[Site "Chess.com"]
[Date "2021.02.09"]
[Round "6"]
[White "canary2016"]
[Black "MerryPoppies"]
[Result "0-1"]
[WhiteElo "1984"]
[BlackElo "2170"]
[TimeControl "180+1"]
[EndTime "11:10:57 PST"]
[Termination "MerryPoppies won by checkmate"]

1. d4 d5 2. Bf4 Nf6 3. e3 e6 4.
Nf3 Bd6 5. Bg3 c6 6. c4 Bxg3 7. hxg3 Qb6 8. Qb3 Nbd7 9. Nc3 dxc4 10. Bxc4 h6 11. Rc1 Qxb3 12. Bxb3 a6 13. Na4 b5 14.
Nc5 Nxc5 15. Rxc5 Bb7 16. Ne5 Ne4 17. Rc2 Rc8 18. O-O c5 19. dxc5 Nxc5 20. Rfc1 Ke7 21. Rd2 Nxb3 22. Rxc8 Bxc8 23. axb3 Kf6 24. Nd7+ Bxd7 25.
Rxd7 Rc8 26. Rd6 Rc2 27. Rxa6 Rxb2 28. Rb6 Rxb3 29. Kf1 Rb2 30. g4 g6 31. Rb7 e5 32. g3 Ke6 33. Kg2 b4 34. Rb6+ Kd5 35. Rf6 Rc2 36. Rxf7 b3 37. Rb7 Kc4 38. Rc7+ Kd3 39.
Rb7 b2 40. Kf3 e4+ 41. Kf4 Rxf2+ 42. Ke5 Kxe3 43. Rb3+ Ke2 44. Rxb2+ Kf3 45. Rb3+ Kg2 46. Kxe4 Re2+ 47. Kf4 Rf2+ 48. Ke4 Kh3 49. Rb6 g5 50.
Rxh6+ Kxg4 51. Rg6 Ra2 52. Ke3 Rb2 53. Ke4 Rb3 54.
Ke5 Rxg3 55. Ke4 Rb3 56. Ke5 Rb5+ 57. Ke4 Kg3 58. Ke3 g4 59. Ke2 Rb4 60. Rf6 Kg2 61.
Rf2+ Kg3 62. Rf6 Rb2+ 63. Kf1 Rb1+ 64. Ke2 Kh2 65. Rf2+ Kg1 66. Rf6 g3 67. Rg6 Rb2+ 68. Ke3 g2 69. Kf3 Rf2+ 70. Ke3 Kf1 71. Rxg2 Rxg2 72.
Kf3 Rf2+ 73. Ke3 Ke1 74. Kd3 Re2 75. Kd4 Kd2 76. Kd5 Re3 77. Kd4 Rd3+ 78. Kc4 Kc2 79. Kc5 Kc3 80. Kc6 Rd4 81. Kc5 Rc4+ 82. Kd5 Kd3 83.
Ke5 Rd4 84. Ke6 Ke4 85. Kf6 Rd5 86. Ke6 Kd4 87. Kf6 Re5 88. Kg6 Ke4 89. Kf6 Kf4 90.
Kg6 Rf5 91. Kg7 Kg5 92. Kh7 Rf6 93. Kg7 Kf5 94. Kh7 Rg6 95. Kh8 Kf6 96. Kh7 Kf7 97. Kh8 Rh6# 0-1

[Event "*** Titled Tuesday Blitz"]
[Site "Chess.com"]
[Date "2021.02.09"]
[Round "7"]
[White "bascheyaro"]
[Black "louis198"]
[Result "1-0"]
[WhiteElo "2738"]
[BlackElo "2561"]
[TimeControl "180+1"]
[EndTime "11:13:09 PST"]
[Termination "bascheyaro won by resignation"]

1. d4 e6 2. c4 d5 3. Nc3 c6 4. Bf4 Bd6 5. Bg3 Ne7 6. e3 O-O 7. Nf3 f5 8. Qb3 f4 9. exf4 Bxf4 10. Bd3 Nd7 11. Qc2 g6 12. Bh4 Bh6 13. O-O Nf5 14.
Bxd8 1-0

[Event "*** Titled Tuesday Blitz"]
[Site "Chess.com"]
[Date "2021.02.09"]
[Round "7"]
[White "Gulkov_Igor"]
[Black "SHIVACalypso"]
[Result "1/2-1/2"]
[WhiteElo "2495"]
[BlackElo "2368"]
[TimeControl "180+1"]
[EndTime "11:13:25 PST"]
[Termination "Game drawn by repetition"]

1. Nf3 Nf6 2. c4 e6 3. Nc3 d5 4. d4 Bb4 5. Bg5 h6 6. Bxf6 Qxf6 7. e3 O-O 8. Rc1 c6 9. Bd3 Nd7 10. O-O Bxc3 11. Rxc3 dxc4 12. Rxc4 e5 13. Qc2 exd4 14. Rxd4 Ne5 15. Nxe5 Qxe5 16. Rd1 Be6 17. Bc4 Rfe8 18. Bxe6 Rxe6 19. Rd8+ Rxd8 20. Rxd8+ Re8 21. Rd7 Re7 22. Rd8+ Re8 23. Rd7 Re7 24. Rd8+ Re8 1/2-1/2

[Event "*** Titled Tuesday Blitz"]
[Site "Chess.com"]
[Date "2021.02.09"]
[Round "7"]
[White "MerryPoppies"]
[Black "Noam_Vitenberg"]
[Result "0-1"]
[WhiteElo "2167"]
[BlackElo "2399"]
[TimeControl "180+1"]
[EndTime "11:13:55 PST"]
[Termination "Noam_Vitenberg won by resignation"]

1. d4 g6 2. c4 Bg7 3. Nc3 e6 4. Nf3 Ne7 5. e4 d5 6. exd5 exd5 7. Be3 Nbc6 8. cxd5 Nxd5 9. Bb5 O-O 10. O-O Be6 11. Bxc6 bxc6 12. Ne5 c5 13. Qd2 Nxe3 14. Nc6 Nxf1 15.
Rxf1 Qd6 16. d5 0-1

[Event "*** Titled Tuesday Blitz"]
[Site "Chess.com"]
[Date "2021.02.09"]
[Round "7"]
[White "woodhy"]
[Black "DenLaz"]
[Result "1-0"]
[WhiteElo "2462"]
[BlackElo "2767"]
[TimeControl "180+1"]
[EndTime "11:14:07 PST"]
[Termination "woodhy won by resignation"]

1. e4 e5 2. Nf3 Nc6 3. Bb5 a6 4. Bxc6 dxc6 5. O-O Qf6 6. d3 Ne7 7. Be3 Ng6 8. Nbd2 Bd6 9. Re1 O-O 10. c3 c5 11. Qe2 Re8 12. Rad1 b5 13. Qf1 Be6 14. Bg5 Qxg5 15. Nxg5 Bg4 16. Ngf3 Rad8 17. h3 Bc8 18. a4 Nf4 19. axb5 axb5 20. d4 1-0

[Event "*** Titled Tuesday Blitz"]
[Site "Chess.com"]
[Date "2021.02.09"]
[Round "7"]
[White "Cambek64"]
[Black "Kaliopa"]
[Result "1-0"]
[WhiteElo "2350"]
[BlackElo "2190"]
[TimeControl "180+1"]
[EndTime "11:14:18 PST"]
[Termination "Cambek64 won by resignation"]

1. e4 c5 2. Nc3 Nc6 3. d3 g6 4.
Be3 d6 5. d4 cxd4 6. Bxd4 Nxd4 7. Qxd4 Nf6 8. e5 dxe5 9. Bb5+ Bd7 10. Qxe5 Bxb5 11. Nxb5 Rc8 12. Rd1 Qa5+ 13. c3 Qb6 14. Nd6+ Kd8 15. Nxf7+ 1-0

[Event "*** Titled Tuesday Blitz"]
[Site "Chess.com"]
[Date "2021.02.09"]
[Round "7"]
[White "LogoCzar"]
[Black "LamaChampetre"]
[Result "1-0"]
[WhiteElo "2390"]
[BlackElo "2235"]
[TimeControl "180+1"]
[EndTime "11:14:20 PST"]
[Termination "LogoCzar won by resignation"]

1. e4 c5 2. Nf3 g6 3. d4 cxd4 4. Qxd4 Nf6 5. e5 Nc6 6. Qf4 Nd5 7. Qe4 Nb6 8. Nc3 Bg7 9. Bg5 O-O 10. O-O-O a6 11.
h4 Qc7 12. h5 d5 13. exd6 exd6 14. hxg6 hxg6 15. Qh4 Re8 16. Bf6 1-0

[Event "*** Titled Tuesday Blitz"]
[Site "Chess.com"]
[Date "2021.02.09"]
[Round "7"]
[White "Dave_ChessMate"]
[Black "IljaJoke"]
[Result "0-1"]
[WhiteElo "2381"]
[BlackElo "2516"]
[TimeControl "180+1"]
[EndTime "11:14:47 PST"]
[Termination "IljaJoke won by resignation"]

1. e4 e5 2. Nf3 Nc6 3. Bc4 Bc5 4. b4 Bxb4 5. c3 Be7 6. d4 Na5 7. Nxe5 Nxc4 8. Nxc4 d5 9. exd5 Qxd5 10. Ne3 Qd8 11.
O-O Nf6 12. c4 O-O 13. Bb2 c6 14. Nc3 Bd6 15. d5 cxd5 16. cxd5 a6 17. Qf3 Qc7 18. Rac1 Bxh2+ 19. Kh1 Qf4 20. Qxf4 Bxf4 21. Nc4 Bxc1 22. Bxc1 Bf5 23. Rd1 Rac8 24. Nd6 Rxc3 25. Nxf5 Rd8 26. d6 Ne4 27. Be3 Rxe3 0-1

[Event "*** Titled Tuesday Blitz"]
[Site "Chess.com"]
[Date "2021.02.09"]
[Round "7"]
[White "pavelalexandru07"]
[Black "Ave_Mariia"]
[Result "0-1"]
[WhiteElo "2344"]
[BlackElo "2491"]
[TimeControl "180+1"]
[EndTime "11:14:47 PST"]
[Termination "Ave_Mariia won by resignation"]

1. e4 c5 2. Nf3 d6 3. d4 cxd4 4.
Nxd4 Nf6 5. Nc3 g6 6. Be3 Bg7 7. Bc4 Nc6 8. f3 O-O 9. Qd2 Bd7 10. O-O-O Rc8 11. Bb3 Nxd4 12. Bxd4 b5 13. Kb1 a5 14. Nd5 a4 15. Nxf6+ Bxf6 16. Bxf6 axb3 17. Bc3 b4 18. cxb3 bxc3 19. bxc3 Be6 20. Kb2 Qb6 21. g4 Ra8 22. Ra1 Rfb8 23. Qc2 Qc5 24. Kc1 Bxb3 0-1

[Event "*** Titled Tuesday Blitz"]
[Site "Chess.com"]
[Date "2021.02.09"]
[Round "7"]
[White "jaramsdal"]
[Black "mamonika"]
[Result "1-0"]
[WhiteElo "2302"]
[BlackElo "2038"]
[TimeControl "180+1"]
[EndTime "11:14:55 PST"]
[Termination "jaramsdal won by resignation"]

1. e4 c5 2. a3 Nc6 3. b4 cxb4 4. axb4 Nxb4 5. c3 Nc6 6. d4 d5 7. exd5 Qxd5 8. Na3 e5 9. Nb5 Qd8 10. d5 Nce7 11. d6 Nc6 12. Nc7+ Kd7 13. Nxa8 Bxd6 14. Qg4+ Ke7 15. Qxg7 Nf6 16. Bg5 1-0

[Event "*** Titled Tuesday Blitz"]
[Site "Chess.com"]
[Date "2021.02.09"]
[Round "7"]
[White "MuhittinBuker"]
[Black "coalescenet"]
[Result "1-0"]
[WhiteElo "2057"]
[BlackElo "2107"]
[TimeControl "180+1"]
[EndTime "11:15:02 PST"]
[Termination "MuhittinBuker won by resignation"]

1. d4 d5 2. c4 e6 3. Nc3 Be7 4.
Nf3 Nf6 5. Bg5 O-O 6. e3 a6 7. c5 c6 8. Bd3 b5 9. cxb6 Qxb6 10.
Qc2 a5 11. O-O Ba6 12. Bxh7+ Nxh7 13. Bxe7 Bxf1 14. Bxf8 Bxg2 15. Bc5 Qd8 16. Kxg2 Nd7 17. Bd6 Nb6 18. Bg3 a4 19. b3 a3 20. Rc1 Nf8 21.
Ne5 Nfd7 22. Nxc6 Qg5 23. Nb5 Nf6 24. Ne5 Rc8 25. Qd1 Qf5 26. Rxc8+ Nxc8 27. Nxa3 Ne7 28. Nb5 Qe4+ 29. Nf3 Nf5 30. Nd6 Nxe3+ 31. fxe3 Qxe3 32. Qd2 1-0

[Event "*** Titled Tuesday Blitz"]
[Site "Chess.com"]
[Date "2021.02.09"]
[Round "7"]
[White "kai_nov"]
[Black "juli2512"]
[Result "1-0"]
[WhiteElo "2369"]
[BlackElo "2176"]
[TimeControl "180+1"]
[EndTime "11:15:08 PST"]
[Termination "kai_nov won by resignation"]

1. d4 f5 2. g3 Nf6 3. Bg2 g6 4. c3 Bg7 5. Qb3 c6 6. Nd2 d6 7.
Ngf3 Qb6 8. Nc4 Qxb3 9. axb3 Nbd7 10. Ng5 Nf8 11. Nb6 Rb8 12. Nxc8 Rxc8 13. Rxa7 Rb8 14. O-O h6 15. Nf3 Kf7 16. Nd2 N8d7 17. e4 fxe4 18. Nxe4 Nxe4 19. Bxe4 Nf6 20. Bd3 e5 21. dxe5 dxe5 22.
Re1 Rhe8 23. Be3 Re7 24. Bc5 Rd7 25. Bc4+ Ke8 26. Rxe5+ Kd8 27. Bb6+ Kc8 28. Be6 1-0

[Event "*** Titled Tuesday Blitz"]
[Site "Chess.com"]
[Date "2021.02.09"]
[Round "7"]
[White "dosto07"]
[Black "starplatinum2030"]
[Result "1-0"]
[WhiteElo "2387"]
[BlackElo "2109"]
[TimeControl "180+1"]
[EndTime "11:15:10 PST"]
[Termination "dosto07 won by resignation"]

1. e4 c5 2. Nf3 e6 3. c3 Nc6 4. d4 cxd4 5. cxd4 Nf6 6. Nc3 d5 7. e5 Ne4 8. Bd3 Nxc3 9. bxc3 Be7 10. O-O O-O 11. Re1 Bd7 12. h4 Rc8 13. Ng5 g6 14. Nxh7 Bxh4 15. Nxf8 Kxf8 16. Qd2 Na5 17. Qh6+ Kg8 18.
g3 Be7 19. Bxg6 fxg6 20. Qxg6+ Kh8 21. Kg2 1-0

[Event "*** Titled Tuesday Blitz"]
[Site "Chess.com"]
[Date "2021.02.09"]
[Round "7"]
[White "Willychess95"]
[Black "Alindsay211"]
[Result "1-0"]
[WhiteElo "2626"]
[BlackElo "2420"]
[TimeControl "180+1"]
[EndTime "11:15:11 PST"]
[Termination "Willychess95 won by resignation"]

1. e4 e6 2. Nf3 d5 3. e5 c5 4. b4 cxb4 5. a3 bxa3 6. Bxa3 Bxa3 7. Nxa3 Nc6 8. Nb5 Nh6 9. Nd6+ Kf8 10. d4 Nf5 11.
Nxf5 exf5 12. Bd3 Be6 13. Qd2 g6 14. Qh6+ Kg8 15. h4 Qf8 16. Qd2 Rc8 17. h5 a5 18.
h6 Nb4 19. Rxa5 Nxd3+ 20. cxd3 Qd8 21. O-O f6 22. exf6 Qxf6 23. Re1 Kf7 24. Ne5+ 1-0

[Event "*** Titled Tuesday Blitz"]
[Site "Chess.com"]
[Date "2021.02.09"]
[Round "7"]
[White "djano"]
[Black "Chuchofrio1"]
[Result "1-0"]
[WhiteElo "2478"]
[BlackElo "2311"]
[TimeControl "180+1"]
[EndTime "11:15:13 PST"]
[Termination "djano won by resignation"]

1. c4 Nf6 2. Nc3 g6 3. g3 Bg7 4. Bg2 O-O 5. e4 d6 6. Nge2 e5 7. O-O Nc6 8. h3 Be6 9. d3 Qd7 10. Kh2 Nh5 11. g4 Nf6 12. f4 exf4 13. Nxf4 Ne5 14. d4 Bxc4 15. dxe5 Bxf1 16. exf6 Bxg2 17.
fxg7 Kxg7 18. Nxg2 f5 19. Qd4+ Kg8 20. exf5 gxf5 21.
Bh6 Rf7 22. Nd5 Qe6 23. g5 Qe5+ 24. Qxe5 dxe5 25. Nf6+ Kh8 26. Re1 e4 27. Nf4 Rd8 28. Re2 c6 29. h4 Re7 30. g6 Rd6 31. g7+ Rxg7 32. Bxg7+ Kxg7 33. Ne8+ 1-0

[Event "*** Titled Tuesday Blitz"]
[Site "Chess.com"]
[Date "2021.02.09"]
[Round "7"]
[White "sopo-tereladze"]
[Black "szachuspl"]
[Result "1-0"]
[WhiteElo "2294"]
[BlackElo "2498"]
[TimeControl "180+1"]
[EndTime "11:15:21 PST"]
[Termination "sopo-tereladze won by resignation"]

1. d4 Nf6 2. Nf3 g6 3. Bf4 Bg7 4. e3 O-O 5. Be2 d6 6. O-O c5 7. c3 Nc6 8. h3 cxd4 9. exd4 Nd5 10.
Bg3 e5 11. dxe5 dxe5 12. Nbd2 h6 13. Re1 f5 14. Bc4 e4 15. Nxe4 fxe4 16. Bxd5+ Kh7 17.
Bxe4 Qf6 18. Qc2 Ne7 19. Bh4 Qe6 20. Bxe7 Rxf3 21. Bxf3 Qb6 22. Rad1 Bf5 23. Be4 Bxe4 24. Qxe4 Qxb2 25. Bb4 Rc8 26. Rd7 1-0

[Event "*** Titled Tuesday Blitz"]
[Site "Chess.com"]
[Date "2021.02.09"]
[Round "7"]
[White "orrbaverlekszarnyon"]
[Black "mr65"]
[Result "1-0"]
[WhiteElo "2294"]
[BlackElo "2099"]
[TimeControl "180+1"]
[EndTime "11:15:25 PST"]
[Termination "orrbaverlekszarnyon won on time"]

1. d4 Nf6 2. Nc3 d5 3. Bf4 g6 4. e3 Bg7 5. Nf3 O-O 6. Be2 c5 7.
h4 h5 8. Ne5 Nc6 9. Qd2 cxd4 10. exd4 Nd7 11. Nxc6 1-0

[Event "*** Titled Tuesday Blitz"]
[Site "Chess.com"]
[Date "2021.02.09"]
[Round "7"]
[White "The_filthy"]
[Black "dennisodessa"]
[Result "1-0"]
[WhiteElo "2300"]
[BlackElo "2456"]
[TimeControl "180+1"]
[EndTime "11:15:30 PST"]
[Termination "The_filthy won by resignation"]

1. e4 e6 2. d4 d5 3. Nc3 Nc6 4.
e5 f6 5. Nf3 fxe5 6. Nxe5 Nxe5 7. dxe5 Qh4 8. Bd3 Nh6 9. g3 Qh3 10. Bf1 Qf5 11. Bxh6 gxh6 12. Be2 Bd7 13. Bh5+ Kd8 14.
O-O c5 15. Re1 Kc7 16. Bg4 Qg6 17. Nxd5+ exd5 18. Bxd7 Kxd7 19. Qxd5+ Kc7 20. Rad1 Rc8 21. e6 Kb8 22. Qe5+ Bd6 23. Rxd6 Ka8 24. e7 Rhe8 25.
Rxg6 1-0

[Event "*** Titled Tuesday Blitz"]
[Site "Chess.com"]
[Date "2021.02.09"]
[Round "7"]
[White "J36225"]
[Black "mbojan"]
[Result "0-1"]
[WhiteElo "2476"]
[BlackElo "2631"]
[TimeControl "180+1"]
[EndTime "11:15:34 PST"]
[Termination "mbojan won by checkmate"]

1. e4 g6 2. d4 Bg7 3. g3 d6 4.
Bg2 Nf6 5. Nc3 O-O 6. Nge2 Nbd7 7. O-O c5 8. h3 Rb8 9. a4 b6 10. Be3 a6 11. f4 cxd4 12. Nxd4 Bb7 13. Re1 Nc5 14. Bf2 e5 15. Nb3 Nxb3 16. cxb3 exf4 17. gxf4 Nh5 18. Qf3 f5 19. Nd5 fxe4 20. Qxe4 Nxf4 21. Qc4 Bxd5 22. Bxd5+ Kh8 23. Bd4 Qg5+ 24. Kh2 Qxd5 25. Bxg7+ Kxg7 26. Re7+ Kg8 27. Qc3 Qg2# 0-1

[Event "*** Titled Tuesday Blitz"]
[Site "Chess.com"]
[Date "2021.02.09"]
[Round "7"]
[White "ChessQueen"]
[Black "C_K_G"]
[Result "1-0"]
[WhiteElo "2784"]
[BlackElo "2114"]
[TimeControl "180+1"]
[EndTime "11:15:41 PST"]
[Termination "ChessQueen won by resignation"]

1. e4 c5 2. c3 d5 3. exd5 Qxd5 4. d4 cxd4 5. cxd4 Nc6 6. Nf3 Bg4 7. Be2 O-O-O 8.
Nc3 Qa5 9. Be3 e5 10. d5 Nf6 11.
O-O Nxd5 12. Nxd5 Qxd5 13. Qa4 e4 14. Rfd1 Qf5 15. Rxd8+ Kxd8 16. Nd4 Nxd4 17. Qxd4+ Kc8 18. Rc1+ 1-0

[Event "*** Titled Tuesday Blitz"]
[Site "Chess.com"]
[Date "2021.02.09"]
[Round "7"]
[White "Artyom_ChessMate"]
[Black "MarceloPlaya"]
[Result "1-0"]
[WhiteElo "2541"]
[BlackElo "2280"]
[TimeControl "180+1"]
[EndTime "11:15:43 PST"]
[Termination "Artyom_ChessMate won by resignation"]

1. e4 e6 2. d4 d5 3. Bd3 c5 4. c3 Nc6 5. Nf3 cxd4 6. exd5 exd5 7. cxd4 Bd6 8. O-O Nge7 9. Nc3 O-O 10. h3 Bf5 11. Bxf5 Nxf5 12. Nxd5 Bb8 13. Ne3 Nfxd4 14. Nxd4 Nxd4 15. b3 Qd6 16. g3 Rd8 17. Bb2 Nc6 18.
Qg4 Qg6 19. Rad1 Bc7 20. Nf5 Qxg4 21. hxg4 g6 22. Nh6+ Kf8 23. g5 Be5 24. Ba3+ Kg7 25. Ng4 f5 26. Nxe5 Nxe5 27. Bb2 Rxd1 28. Rxd1 1-0

[Event "*** Titled Tuesday Blitz"]
[Site "Chess.com"]
[Date "2021.02.09"]
[Round "7"]
[White "Kovalchuk94"]
[Black "Alohamora11"]
[Result "1-0"]
[WhiteElo "2642"]
[BlackElo "2477"]
[TimeControl "180+1"]
[EndTime "11:15:44 PST"]
[Termination "Kovalchuk94 won by resignation"]

1. e4 c5 2. Nf3 g6 3. c3 Bg7 4. d4 cxd4 5. cxd4 d5 6. Bb5+ Bd7 7.
Bxd7+ Nxd7 8. e5 Nh6 9. Bf4 Qb6 10. Qd2 Ng8 11. Nc3 e6 12. O-O Ne7 13. Rac1 O-O 14. Na4 Qa6 15. b3 Rfc8 16. Bg5 Nc6 17. h4 Qa5 18.
Qf4 Nb4 19. Qd2 Qb5 20. h5 gxh5 21. Bh6 a5 22. Qg5 1-0

[Event "*** Titled Tuesday Blitz"]
[Site "Chess.com"]
[Date "2021.02.09"]
[Round "7"]
[White "vovachesss"]
[Black "Anna_ChessMate"]
[Result "0-1"]
[WhiteElo "2729"]
[BlackElo "2577"]
[TimeControl "180+1"]
[EndTime "11:15:45 PST"]
[Termination "Anna_ChessMate won by resignation"]

1. c4 e5 2. Nc3 Nf6 3. g3 d5 4. cxd5 Nxd5 5. Bg2 Nxc3 6. bxc3 Be7 7. d4 exd4 8. cxd4 O-O 9. Nf3 c6 10. O-O Nd7 11. e4 Re8 12. Re1 Nf6 13. Ne5 Bb4 14.
Nxf7 Qa5 15. Ng5 Bxe1 16. Qb3+ Nd5 17. exd5 Bxf2+ 18. Kxf2 Qe1+ 19. Kf3 Qe2+ 20. Kf4 Rf8+ 0-1

[Event "*** Titled Tuesday Blitz"]
[Site "Chess.com"]
[Date "2021.02.09"]
[Round "7"]
[White "DanielTitichoca"]
[Black "SkippingLaptop"]
[Result "0-1"]
[WhiteElo "2275"]
[BlackElo "2079"]
[TimeControl "180+1"]
[EndTime "11:15:46 PST"]
[Termination "SkippingLaptop won by resignation"]

1. e4 c5 2. Nf3 Nc6 3. d4 cxd4 4.
Nxd4 Nf6 5. Nc3 e5 6. Ndb5 d6 7. Bg5 a6 8. Na3 b5 9. Nd5 Be7 10. Bxf6 Bxf6 11. c3 O-O 12. Nc2 Bg5 13. h4 Bh6 14. g3 Rb8 15. a3 g6 16. h5 Kg7 17.
Bh3 Be6 18. Nce3 Bxe3 19. Nxe3 f5 20. hxg6 hxg6 21. exf5 Bxf5 22. Bxf5 gxf5 23. Qh5 Rh8 24. Nxf5+ Kf6 25. Qxh8+ Qxh8 26. Rxh8 Rxh8 27. Nh4 e4 28. O-O-O Ke6 29. Re1 d5 30. Kd2 Ne5 31. Ke3 Nc4+ 32. Kd4 Nxb2 33. f3 Rc8 34. Ke3 Rxc3+ 35. Kf4 Nd3+ 36. Kg5 Nxe1 0-1

[Event "*** Titled Tuesday Blitz"]
[Site "Chess.com"]
[Date "2021.02.09"]
[Round "7"]
[White "Murad_Ibrahimli"]
[Black "goldihouse"]
[Result "1-0"]
[WhiteElo "2722"]
[BlackElo "2540"]
[TimeControl "180+1"]
[EndTime "11:15:47 PST"]
[Termination "Murad_Ibrahimli won by resignation"]

1. Nf3 Nf6 2. c4 e6 3. Nc3 Bb4 4. g3 O-O 5. Bg2 d5 6. d4 c6 7.
Qd3 b6 8. O-O dxc4 9. Qxc4 Ba6 10.
Qxb4 Nd5 11. Nxd5 cxd5 12. Re1 Nc6 13. Qa3 Bb7 14. Bd2 Rc8 15. Rac1 f6 16. e3 Qd7 17.
Bf1 Rc7 18. Rc3 Rfc8 19. Rec1 g5 20. Ne1 e5 21. Bb5 a6 22. Bxc6 Bxc6 23. dxe5 fxe5 24. Nd3 Qf5 25. Nb4 Bb5 26. Rxc7 Rxc7 27. Rxc7 Bc4 28.
b3 Be2 29. Nxd5 1-0

[Event "*** Titled Tuesday Blitz"]
[Site "Chess.com"]
[Date "2021.02.09"]
[Round "7"]
[White "maximnovik"]
[Black "Tenamu"]
[Result "1-0"]
[WhiteElo "2582"]
[BlackElo "2407"]
[TimeControl "180+1"]
[EndTime "11:15:48 PST"]
[Termination "maximnovik won on time"]

1. Nf3 d5 2. g3 Bg4 3. Bg2 Bxf3 4. exf3 Nf6 5. d4 e6 6. O-O c5 7. c3 Nc6 8. f4 h5 9. Re1 h4 10. f5 hxg3 11. hxg3 Ne4 12. fxe6 fxe6 13. Bxe4 dxe4 14. Rxe4 e5 15. d5 Qd7 16. Qg4 1-0

[Event "*** Titled Tuesday Blitz"]
[Site "Chess.com"]
[Date "2021.02.09"]
[Round "7"]
[White "AlexSuv"]
[Black "EdmundPlayer"]
[Result "1-0"]
[WhiteElo "2453"]
[BlackElo "2185"]
[TimeControl "180+1"]
[EndTime "11:15:49 PST"]
[Termination "AlexSuv won by resignation"]

1. d4 d5 2. c4 dxc4 3. Nf3 Nf6 4. e3 Bg4 5. Bxc4 e6 6. h3 Bh5 7. Nc3 a6 8. g4 Bg6 9. Ne5 Nbd7 10. Nxg6 hxg6 11. Bf1 c6 12. Bg2 Qc7 13. Bd2 Bd6 14. Qb3 O-O-O 15. O-O-O Kb8 16. Kb1 Rc8 17. Rc1 Qb6 18.
Qc2 Rhd8 19. Rhd1 c5 20. Na4 Qa7 21. dxc5 Nxc5 22. Nxc5 Bxc5 23. Bc3 Ka8 24. Rxd8 Rxd8 25. Bxf6 1-0

[Event "*** Titled Tuesday Blitz"]
[Site "Chess.com"]
[Date "2021.02.09"]
[Round "7"]
[White "RafalBRC"]
[Black "Guzman70"]
[Result "0-1"]
[WhiteElo "2073"]
[BlackElo "2250"]
[TimeControl "180+1"]
[EndTime "11:15:54 PST"]
[Termination "Guzman70 won by resignation"]

1. d4 Nf6 2. c4 c5 3. d5 b5 4.
Qc2 d6 5. e4 g6 6. cxb5 a6 7.
bxa6 Bg7 8. Nc3 O-O 9. Nf3 e6 10.
dxe6 Bxe6 11. Bg5 Nxa6 12. a3 h6 13. Bxf6 Qxf6 14. Be2 Nb4 15. Qd1 Nc6 16. Qxd6 Nd4 17. Qxc5 Nxe2 18. Kxe2 Rfc8 19. e5 Qxf3+ 20. gxf3 Rxc5 21.
f4 g5 22. fxg5 Rxe5+ 23. Kf1 Bh3+ 0-1

[Event "*** Titled Tuesday Blitz"]
[Site "Chess.com"]
[Date "2021.02.09"]
[Round "7"]
[White "Indianlad"]
[Black "seorobert1971"]
[Result "1-0"]
[WhiteElo "2909"]
[BlackElo "2717"]
[TimeControl "180+1"]
[EndTime "11:15:55 PST"]
[Termination "Indianlad won by resignation"]

1. c4 c5 2. Nc3 Nc6 3. Nf3 Nf6 4. g3 g6 5. Bg2 Bg7 6. d4 cxd4 7. Nxd4 Qa5 8. O-O O-O 9. e3 d6 10.
h3 Bd7 11. Qe2 Rac8 12. Bd2 Qa6 13. b3 Rfe8 14. Rfd1 Nxd4 15. exd4 d5 16. Nxd5 Nxd5 17. Bxd5 Bxh3 18. Qf3 Qf6 19. Bxb7 Qxf3 20. Bxf3 Bxd4 21. Rac1 e5 22. Bc3 Bb6 23. g4 e4 24. Be2 f5 25. b4 e3 26. c5 Bc7 27. Bc4+ Kf8 28. Rd7 Re7 29. Rxe7 Kxe7 30. gxf5 exf2+ 31. Kxf2 Bxf5 32. Re1+ Kf8 33. Bd2 1-0

[Event "*** Titled Tuesday Blitz"]
[Site "Chess.com"]
[Date "2021.02.09"]
[Round "7"]
[White "Pertinhez76"]
[Black "ketster"]
[Result "0-1"]
[WhiteElo "2013"]
[BlackElo "2450"]
[TimeControl "180+1"]
[EndTime "11:15:57 PST"]
[Termination "ketster won by resignation"]

1. d4 Nf6 2. Nf3 d5 3. Bf4 c5 4. e3 Nc6 5. Nbd2 Qb6 6. Rb1 cxd4 7. exd4 Nxd4 8. Be3 Nxf3+ 9. Nxf3 Qc7 10. Bd4 e6 11.
Ne5 Bd6 12. Bb5+ Nd7 13. Nxd7 Qa5+ 14. Qd2 Qxd2+ 15. Kxd2 Bxd7 16. Bxd7+ Kxd7 17. g3 e5 18. Bc3 d4 19. Ba5 b6 20. b4 bxa5 21. bxa5 Rab8 22. Kd3 Rxb1 23. Rxb1 Rb8 24. Rb3 Rxb3+ 25. axb3 Kc6 26.
Kc4 a6 27. f3 f5 28. c3 dxc3 29. Kxc3 Kb5 0-1

[Event "*** Titled Tuesday Blitz"]
[Site "Chess.com"]
[Date "2021.02.09"]
[Round "7"]
[White "northridgehawk"]
[Black "salomez"]
[Result "0-1"]
[WhiteElo "2336"]
[BlackElo "2212"]
[TimeControl "180+1"]
[EndTime "11:16:08 PST"]
[Termination "salomez won by checkmate"]

1. e4 c5 2. Nf3 e6 3. d4 cxd4 4. Nxd4 Nf6 5. Nc3 Nc6 6. f3 Bb4 7. Be3 d5 8. Nxc6 bxc6 9. e5 Nd7 10. f4 Qa5 11. Bd2 O-O 12. Qg4 f5 13. Qh3 d4 14.
Nb1 Nc5 15. c3 dxc3 16. bxc3 Ba3 17. Nxa3 Qxa3 18. Bc4 Ba6 19. Bxa6 Qxa6 20. Rd1 Nd3+ 21. Kf1 Nxf4+ 22. Kf2 Nxh3+ 23. gxh3 Rad8 24. Rhg1 Rd3 25. Bh6 Rxd1 26. Rxg7+ Kh8 27. Re7 Qf1+ 28. Kg3 Rg8+ 29. Kh4 Qf2+ 30. Kh5 Qf3+ 31. Kh4 Rg4+ 32. Kh5 Qxh3# 0-1